AoeStats
← 一杯冰美式

Arena

510084403Analyzed
4v4 RM · 4d ago on Sep 29, 2026· 45m 20s· 8 players
Game mode
Random Map
Map size
Large (8 player)
Population
200
Speed
Normal
Resources
Standard
Victory
Conquest
Starting age
Dark Age
Ending age
Imperial Age
RankedLock teamsTeams togetherTeam positionsShared explorationLock speedFull tech treeHidden civsTurbo modeCheats
Victory
Defeat
🇫🇷 Varangians · France
1183
+14
🇩🇪 Persians · Germany
1170
+15
🇮🇳 Chinese · India
1161
+15
🇮🇳 Muisca · India
1103
+18
🇭🇰 Khmer · Hong Kong SAR China
1185
-17
🇹🇼 Ethiopians · Taiwan
1148
-16
🇨🇳 Dravidians · China
1143
-15
🇭🇰 Britons · Hong Kong SAR China
1103
-14
Mars'plants
10:53 Feudal Age
14:49 Castle Age
12:52 Double-Bit Axe
12:58 Horse Collar
18:47 Loom
21:50 Bow Saw
21:51 Heavy Plow
23:25 Wheelbarrow
26:00 Hand Cart
25:31 Town Watch
29:00 Gold Mining
30:37 Forging
30:27 Scale Mail Armor
30:21 Man-at-Arms
30:21 Pikeman
30:48 Gambesons
31:03 Squires
30:48 Arson
34:00 Imperial Age
32:20 Iron Casting
31:24 Long Swordsman
32:22 Chain Mail Armor
35:00 Conscription
35:01 Wootz Steel
35:14 Plate Mail Armor
35:44 Blast Furnace
34:07 Halberdier
34:07 Two-Handed Swordsman
36:25 Two-Man Saw
35:06 Champion
一杯冰美式
2:40 Loom
10:14 Feudal Age
15:13 Castle Age
13:20 Horse Collar
15:18 Double-Bit Axe
16:40 Gold Mining
16:43 Stone Mining
19:47 Gold Mining
20:57 Fletching
23:45 Forging
23:36 Scale Mail Armor
28:41 Imperial Age
27:38 Gold Shaft Mining
27:34 Bow Saw
28:08 Heavy Plow
29:42 Ballistics
29:20 Bodkin Arrow
29:25 Padded Archer Armor
30:27 Conscription
31:13 Two-Man Saw
31:17 Wheelbarrow
30:36 Town Watch
32:12 Leather Archer Armor
32:07 Crossbowman
35:07 Thumb Ring
35:36 Bracer
37:02 Chemistry
38:22 Stone Shaft Mining
37:14 Arbalester
38:28 Ring Archer Armor
mdzzxswl
10:03 Feudal Age
13:37 Castle Age
11:25 Double-Bit Axe
13:40 Wheelbarrow
15:33 Bow Saw
27:42 Imperial Age
26:02 Scale Barding Armor
26:08 Forging
26:01 Horse Collar
27:13 Heavy Plow
28:04 Hand Cart
27:35 Loom
27:36 Town Watch
28:26 Bloodlines
28:17 Husbandry
28:27 Tusk Swords
28:48 Conscription
29:23 Gold Mining
30:59 Crop Rotation
29:54 Elite Battle Elephant
31:59 Gold Shaft Mining
32:12 Chain Barding Armor
32:31 Iron Casting
31:46 Light Cavalry
34:37 Hussar
36:59 Plate Barding Armor
38:17 Fortified Wall
39:21 Masonry
39:06 Fletching
晚安玛卡巴卡
10:13 Feudal Age
11:17 Double-Bit Axe
13:47 Castle Age
11:49 Horse Collar
15:53 Wheelbarrow
16:50 Bow Saw
21:39 Hand Cart
21:35 Gold Mining
26:21 Imperial Age
23:36 Loom
24:12 Stone Mining
24:25 Fletching
25:18 Bodkin Arrow
25:46 Ballistics
26:12 Gold Shaft Mining
25:32 Crossbowman
26:47 Padded Archer Armor
28:57 Chemistry
27:26 Arbalester
29:46 Conscription
29:56 Bracer
31:25 Leather Archer Armor
34:28 Ring Archer Armor
36:41 Fortified Wall
36:42 Masonry
36:13 Treadmill Crane
36:46 Forging
36:36 Scale Mail Armor
36:32 Pikeman
37:13 Squires
36:58 Gambesons
37:39 Yeomen
37:55 Hoardings
37:37 Halberdier
39:46 Squires
39:32 Gambesons
39:32 Arson
ravish.ratnam
10:23 Feudal Age
14:09 Castle Age
13:05 Gold Mining
13:39 Double-Bit Axe
15:58 Redemption
21:08 Town Watch
27:30 Wheelbarrow
30:47 Imperial Age
28:50 Fletching
29:13 Padded Archer Armor
29:49 Crossbowman
30:54 Arbalester
31:57 Ballistics
32:17 Bodkin Arrow
32:59 Leather Archer Armor
33:37 Bow Saw
33:46 Horse Collar
34:54 Heavy Plow
35:33 Bracer
37:01 Chemistry
37:08 Thumb Ring
40:27 Masonry
40:36 Hand Cart
40:47 Scale Mail Armor
40:57 Forging
41:51 Chain Mail Armor
43:36 Iron Casting
43:03 Capped Ram
44:27 Plate Mail Armor
NaBhai
0:26 Loom
10:51 Feudal Age
15:01 Castle Age
13:21 Double-Bit Axe
13:27 Horse Collar
16:01 Bow Saw
21:30 Wheelbarrow
21:23 Heavy Plow
21:42 Gold Mining
22:46 Hand Cart
22:46 Stone Mining
24:48 Gold Shaft Mining
25:52 Scale Mail Armor
26:02 Forging
25:43 Town Watch
29:02 Imperial Age
27:49 Chain Mail Armor
27:36 Squires
27:21 Arson
28:30 Iron Casting
29:11 Elite Fire Lancer
30:24 Plate Mail Armor
30:29 Conscription
29:53 Capped Ram
32:44 Blast Furnace
31:40 Siege Ram
39:26 Chemistry
39:34 Two-Man Saw
Steffler
10:23 Feudal Age
10:47 Double-Bit Axe
14:26 Castle Age
16:24 Horse Collar
17:02 Bow Saw
17:58 Heavy Plow
19:21 Wheelbarrow
21:29 Gold Mining
23:55 Gold Shaft Mining
28:43 Imperial Age
26:00 Town Watch
26:35 Scale Barding Armor
26:48 Forging
27:59 Chain Barding Armor
28:02 Loom
28:33 Hand Cart
28:19 Town Patrol
29:20 Iron Casting
29:44 Plate Barding Armor
29:42 Crop Rotation
30:15 Two-Man Saw
29:48 Husbandry
29:59 Bloodlines
31:02 Chemistry
30:23 Ballistics
30:00 Stone Mining
29:47 Cavalier
31:31 Blast Furnace
31:20 Savar
38:01 Padded Archer Armor
39:16 Leather Archer Armor
39:48 Thumb Ring
41:15 Ring Archer Armor
41:58 Fletching
42:09 Scale Mail Armor
43:44 Bodkin Arrow
44:05 Chain Mail Armor
43:48 Murder Holes
Bambambam
10:05 Feudal Age
13:47 Castle Age
13:18 Double-Bit Axe
14:52 Bow Saw
21:05 Wheelbarrow
21:11 Horse Collar
23:06 Gold Mining
23:40 Hand Cart
28:02 Imperial Age
28:07 Capped Ram
29:53 Chemistry
30:32 Two-Man Saw
29:01 Siege Ram
30:08 Heavy Scorpion
32:04 Ballistics
32:01 Siege Engineers
Connection lost

Rejoining the realm…

Still unreachable

The connection could not be restored.

Session expired

The server has moved on; the page needs a fresh start.